 Dungeon Crawl Stone Soup version 0.27-a0-1206-g6342a01c75 (webtiles) character file.

Game seed: 8664534266961636857

67 Morbidden the Gusty (level 4, 31/31 HPs)
             Began as a Demonspawn Air Elementalist on June 5, 2021.
             Quit the game on level 3 of the Dungeon.
             The game lasted 00:04:02 (2557 turns).

Morbidden the Gusty (Demonspawn Air Elementalist)   Turns: 2557, Time: 00:04:02

Health: 31/31      AC:  2    Str:  9    XL:     4   Next: 0%
Magic:  2/8        EV: 12    Int: 17    God:
Gold:   64         SH:  0    Dex: 13    Spells: 5/8 levels left

rFire    . . .     SeeInvis .   b - staff of earth
rCold    . . .     Faith    .   (no shield)
rNeg     . . .     Spirit   .   a - +0 robe
rPois    .         Reflect  .   (helmet restricted)
rElec    .         Harm     .   (no cloak)
rCorr    .         Rampage  .   (no gloves)
Will     .....                  (no boots)
Stlth    ++........             (no amulet)
HPRegen  0.10/turn              (no ring)
MPRegen  0.11/turn              (no ring)

@: very slightly contaminated
A: antennae 1, foul stench 1
a: no special abilities


You were on level 3 of the Dungeon.
You visited 1 branch of the dungeon, and saw 3 of its levels.

You collected 64 gold pieces.

Inventory:

Armour
 a - a +0 robe (worn)
 k - a +0 helmet
Magical Staves
 b - a staff of earth (weapon)
Jewellery
 j - a ring of ice
Scrolls
 c - a scroll of identify {unknown}
 d - 2 scrolls of enchant weapon {unknown}
 e - a scroll of torment {unknown}
 h - a scroll of fog {unknown}
 i - a scroll of enchant armour {unknown}
Potions
 f - a potion of magic {unknown}
 g - a potion of lignification {unknown}


   Skills:
 * Level 0.5 Fighting
 + Level 0.3 Staves
 * Level 2.1 Dodging
 + Level 2.0 Stealth
 * Level 2.8 Spellcasting
 * Level 1.4 Conjurations
 * Level 2.9 Air Magic
 * Level 1.2 Evocations


You had 5 spell levels left.
You knew the following spells:

 Your Spells              Type           Power      Damage    Failure   Level
a - Shock                 Conj/Air       36%        1d5       8%          1
b - Static Discharge      Conj/Air       9%         N/A       11%         2

Your spell library contained the following spells:

 Spells                   Type           Power      Damage    Failure   Level
 Swiftness                Air            12%        N/A       16%         3
 Corona                   Hex            2%         N/A       19%         1
 Ensorcelled Hibernation  Hex/Ice        4%         N/A       26%         2
 Dazzling Flash           Conj/Hex       8%         N/A       36%         3
 Confusing Touch          Hex            2%         N/A       47%         3
 Tukima's Dance           Hex            2%         N/A       47%         3
 Airstrike                Air            6%         N/A       47%         4
 Lightning Bolt           Conj/Air       4%         1d16      90%         5


Dungeon Overview and Level Annotations

Branches:
Dungeon (3/15)

Altars:

Shops:
D:3 *


Innate Abilities, Weirdness & Mutations

You have a pair of small antennae on your head.
You may rarely emit foul miasma when damaged in melee.


Message History

A gnoll comes into view. It is wielding a +0 spear.
Casting: Shock (safe; 8% risk of failure)
Confirm with . or Enter, or press ? or * to list all spells.
Aiming: Shock (safe; 8% risk of failure)
Press: ? - help, Shift-Dir - straight line, f/p - gnoll
Aim: a gnoll, wielding a +0 club (72% to hit)
The zap hits the gnoll.
The gnoll is moderately wounded.
The gnoll shouts!
Unknown command.
Casting: Shock (safe; 8% risk of failure)
Confirm with . or Enter, or press ? or * to list all spells.
Aiming: Shock (safe; 8% risk of failure)
Press: ? - help, Shift-Dir - straight line, f/p - gnoll
Aim: a gnoll, wielding a +0 club (moderately wounded, 72% to hit)
The zap hits the gnoll.
The gnoll is moderately wounded.
Unknown command.
Casting: Shock (safe; 8% risk of failure)
Confirm with . or Enter, or press ? or * to list all spells.
Aiming: Shock (safe; 8% risk of failure)
Press: ? - help, Shift-Dir - straight line, f/p - gnoll
Aim: a gnoll, wielding a +0 club (moderately wounded, 72% to hit)
The zap hits the gnoll.
The gnoll is severely wounded.
Unknown command.
Casting: Shock (safe; 8% risk of failure)
Confirm with . or Enter, or press ? or * to list all spells.
Aiming: Shock (safe; 8% risk of failure)
Press: ? - help, Shift-Dir - straight line, f/p - gnoll
Aim: a gnoll, wielding a +0 club (severely wounded, 72% to hit)
The zap hits the gnoll.
You kill the gnoll!
You have reached level 4!
You feel stronger.
Your demonic ancestry asserts itself...
A pair of antennae grows on your head!
Your +0 helmet falls away!
Unknown command.
Unknown command.
Are you sure you want to abandon this character and quit the game? (Confirm with "yes".)

.........# ....>..!.#
.........# #.#.....gg...#
#.#..........# #
#.#......)...# .
............# #. ##..#
#.# #@## #.###..<# #.#
#..# ##.#.....###.#
##.### #
.......#<....####.†.###.#
#..PP...####....###...#.#
...P∩P...###.##..####...#
...PPP.#......##.###...##
#.........##†...........#
#####..##...............#


You could see 2 gnolls.

Vanquished Creatures
  A gnoll (D:3)
  2 adders (D:2)
  A worm (D:1)
  A dart slug (D:3)
  A bat (D:1)
  3 endoplasms
  A giant cockroach (D:1)
  2 goblins (D:2)
  A hobgoblin (D:1)
  4 kobolds
  9 ball pythons
  7 frilled lizards
  6 rats
39 creatures vanquished.

Notes
Turn   | Place    | Note
-------+----------+-------------------------------------------
     0 | D:1      | Morbidden the Demonspawn Air Elementalist began the quest
                  | for the Orb.
     0 | D:1      | Reached XP level 1. HP: 13/13 MP: 3/3
   418 | D:1      | Gained mutation: You may rarely emit foul miasma when
                  | damaged in melee. [demonic ancestry]
   418 | D:1      | Reached XP level 2. HP: 12/20 MP: 1/5
   933 | D:1      | Learned a level 2 spell: Static Discharge
  1291 | D:2      | Found a faded altar of an unknown god.
  1549 | D:2      | Reached XP level 3. HP: 19/25 MP: 1/6
  2414 | D:3      | Found Hualam's Assorted Antiques.
  2440 | D:3      | Reached skill level 1 in Evocations
  2557 | D:3      | Gained mutation: You have a pair of small antennae on your
                  | head. [demonic ancestry]
  2557 | D:3      | Reached XP level 4. HP: 31/31 MP: 2/8
  2557 | D:3      | Quit the game

Illustrated notes

Levels and vault maps discovered:
D:1:      scummos_arrival_star, layout_rooms
D:2:      layout_basic, shapermc_ecumenical_altar_totnotflames,
          dk_noncrumbling_3
D:3:      layout_rooms, serial_shops, nicolae_shop_overgrown_old_shop

Skill      XL: |  1  2  3 |
---------------+----------+-----
Dodging        | 2 |  2.1
Stealth        | 2 |  2.0
Evocations     | 1 |  1.2
Fighting       | |  0.5
Staves         | |  0.3
Spellcasting   | |  2.8
Conjurations   | |  1.4
Air Magic      | |  2.9

Action                   |  1- 3 |  4- 6 || total
-------------------------+-------+-------++-------
Melee: Staff             |    58 |       ||    58
 Cast: Shock             |    69 |       ||    69
       Static Discharge  |     1 |       ||     1
 Stab: Sleeping          |     2 |       ||     2
Armor: Robe              |    18 |       ||    18
Dodge: Dodged            |    48 |       ||    48

Table legend: (Time is in decaauts)
 A = Elapsed time spent in this place.
 B = Non-inter-level travel time spent in this place.
 C = Inter-level travel time spent in this place.
 D = Time resting spent in this place.
 E = Time spent auto-exploring this place.
 F = Levels seen in this place.
 G = Mean time per level.
                   A        B        C        D        E       F      G
               +--------+--------+--------+--------+--------+-----+--------+
         Total |   2570 |   2530 |     40 |    404 |   1836 |   3 |  856.7 |
       Dungeon |   2570 |   2530 |     40 |    404 |   1836 |   3 |  856.7 |
               +--------+--------+--------+--------+--------+-----+--------+

Top non-repeatable levels by time:
     D:1: 1378 daAuts
     D:2: 1049 daAuts
     D:3: 142 daAuts
